TOP OF THE 1ST |
Houston Hammertime batting - Pitching for Mexico City Cerveceros : RHP David Green
|
Pitching: RHP David Green
|
|
Batting: RHB Domingo Matos
|
0-0: Ball 1-0: Ball 2-0: Called Strike 2-1: Foul Ball, location: 2F 2-2: Ball 3-2: Ground out 1-3 (Groundball, 15)
|
Batting: RHB Pedro Meza
|
0-0: Ball 1-0: SINGLE (Groundball, 56D)
|
Batting: SHB Cristo Ontiveros
|
0-0: Called Strike 0-1: Fly out, F5 (Line Drive, 56)
|
Batting: RHB Earl Wiggins
|
0-0: Called Strike 0-1: Foul Ball, location: 2F 0-2: Strikes out looking
|
Top of the 1st over - 0 run(s), 1 hit(s), 0 error(s), 1 left on base; Houston 0 - Mexico City 0 |
BOTTOM OF THE 1ST |
Mexico City Cerveceros batting - Pitching for Houston Hammertime : RHP Andrés Rivera
|
Pitching: RHP Andrés Rivera
|
|
Batting: RHB Henning Huisman
|
0-0: Foul Ball, location: 2F 0-1: Foul Ball, location: 2F 0-2: Ball 1-2: Foul Ball, location: 2F 1-2: Strikes out swinging
|
Batting: RHB John Anderson
|
0-0: Called Strike 0-1: Ground out 4-3 (Groundball, 4S)
|
Batting: LHB Chad Weaver
|
0-0: Ball 1-0: Called Strike 1-1: SINGLE (Line Drive, 8LS)
|
Batting: RHB Dennis Stephenson
|
0-0: SINGLE (Groundball, 34D) Chad Weaver to second Runner from 2nd tries for 3rd, OUT!
|
Bottom of the 1st over - 0 run(s), 2 hit(s), 0 error(s), 1 left on base; Houston 0 - Mexico City 0 |
TOP OF THE 2ND |
Houston Hammertime batting - Pitching for Mexico City Cerveceros : RHP David Green
|
Batting: RHB Mario Beltrán
|
0-0: Ball 1-0: Foul Ball, location: 2F 1-1: Fly out, F3 (Line Drive, 3)
|
Batting: LHB Pat Jones
|
0-0: Ball 1-0: Foul Ball, location: 2F 1-1: Ball 2-1: Ball 3-1: Base on Balls
|
Batting: RHB Aaron Wilson
|
0-0: Called Strike 0-1: Foul Ball, location: 2F 0-2: Ball 1-2: Ball 2-2: Foul Ball, location: 2F 2-2: Foul Ball, location: 2F 2-2: Grounds into double play, 6-4-3 (Groundball, 6)
|
Top of the 2nd over - 0 run(s), 0 hit(s), 0 error(s), 0 left on base; Houston 0 - Mexico City 0 |
BOTTOM OF THE 2ND |
Mexico City Cerveceros batting - Pitching for Houston Hammertime : RHP Andrés Rivera
|
Batting: LHB Luka Lagerweij
|
0-0: Ball 1-0: Swinging Strike 1-1: Ball 2-1: Foul Ball, location: 2F 2-2: Ball 3-2: SINGLE (Groundball, 4MD)
|
Batting: LHB Brandon Cummings
|
0-0: Ball 1-0: DOUBLE (Line Drive, 9LM) Luka Lagerweij to third
|
Batting: RHB Rafael Rincón
|
0-0: Ball 1-0: Called Strike 1-1: Ball 2-1: Ball 3-1: SINGLE (Line Drive, 6) Luka Lagerweij scores Brandon Cummings to third
|
Batting: RHB Ernesto Jiménez
|
0-0: Ball 1-0: Fly out, F8 (Flyball, 8LM) Runner from 3rd tags up, SCORES, throw made
|
Batting: RHB Naomi Kitamura
|
0-0: Ball 1-0: Ball 2-0: Called Strike 2-1: Foul Ball, location: 2F 2-2: Strikes out swinging
|
Batting: RHB Henning Huisman
|
0-0: Called Strike 0-1: Ball 1-1: Fielders Choice at 2nd, 5-4 (Groundball, 56)
|
Bottom of the 2nd over - 2 run(s), 3 hit(s), 0 error(s), 0 left on base; Houston 0 - Mexico City 2 |
TOP OF THE 3RD |
Houston Hammertime batting - Pitching for Mexico City Cerveceros : RHP David Green
|
Batting: LHB Fernando Camacho
|
0-0: Called Strike 0-1: Foul Ball, location: 2F 0-2: Ball 1-2: SINGLE (Groundball, 4MD)
|
Batting: RHB Rafael Torres
|
0-0: Ball 1-0: Ball 2-0: Fly out, F4 (Popup, 3)
|
Batting: RHB Domingo Matos
|
0-0: Ball 1-0: Grounds into double play, 6-4-3 (Groundball, 56)
|
Top of the 3rd over - 0 run(s), 1 hit(s), 0 error(s), 0 left on base; Houston 0 - Mexico City 2 |
BOTTOM OF THE 3RD |
Mexico City Cerveceros batting - Pitching for Houston Hammertime : RHP Andrés Rivera
|
Batting: RHB John Anderson
|
0-0: Ball 1-0: Swinging Strike 1-1: Ground out 5-3 (Groundball, 56S)
|
Batting: LHB Chad Weaver
|
0-0: Foul Ball, location: 2F 0-1: Fly out, F6 (Popup, 5D)
|
Batting: RHB Dennis Stephenson
|
0-0: Ground out 6-3 (Groundball, 6)
|
Bottom of the 3rd over - 0 run(s), 0 hit(s), 0 error(s), 0 left on base; Houston 0 - Mexico City 2 |
TOP OF THE 4TH |
Houston Hammertime batting - Pitching for Mexico City Cerveceros : RHP David Green
|
Batting: RHB Pedro Meza
|
0-0: Ball 1-0: Swinging Strike 1-1: Foul Ball, location: 2F 1-2: Ball 2-2: Foul Ball, location: 2F 2-2: Ball 3-2: Base on Balls
|
Batting: SHB Cristo Ontiveros
|
0-0: Ball 1-0: Fly out, F9 (Flyball, 89S)
|
Batting: RHB Earl Wiggins
|
0-0: Called Strike 0-1: Ball 1-1: Swinging Strike 1-2: Strikes out looking
|
Batting: RHB Mario Beltrán
|
0-0: Ball 1-0: Fielders Choice at 2nd, U4 (Groundball, 4M)
|
Top of the 4th over - 0 run(s), 0 hit(s), 0 error(s), 1 left on base; Houston 0 - Mexico City 2 |
BOTTOM OF THE 4TH |
Mexico City Cerveceros batting - Pitching for Houston Hammertime : RHP Andrés Rivera
|
Batting: LHB Luka Lagerweij
|
0-0: Called Strike 0-1: Ball 1-1: Swinging Strike 1-2: Ball 2-2: Ground out 3-1 (Groundball, 34)
|
Batting: LHB Brandon Cummings
|
0-0: Ball 1-0: Foul Ball, location: 2F 1-1: Foul Ball, location: 2F 1-2: Ball 2-2: SINGLE (Groundball, 3D)
|
Batting: RHB Rafael Rincón
|
0-0: Ball 1-0: Ball 2-0: Called Strike 2-1: Swinging Strike 2-2: Ball 3-2: DOUBLE (Line Drive, 9LD) Brandon Cummings to third
|
Batting: RHB Ernesto Jiménez
|
0-0: Swinging Strike 0-1: SINGLE (Groundball, 34D) Brandon Cummings scores Rafael Rincón to third Runner from 3rd tries for Home, SAFE, throw made home
|
Batting: RHB Naomi Kitamura
|
0-0: Called Strike 0-1: Ball 1-1: Foul Ball, location: 2F 1-2: TRIPLE (Flyball, 8LXD) Ernesto Jiménez scores
|
Batting: RHB Henning Huisman
|
0-0: Fly out, F8 (Flyball, 8RD) Runner from 3rd tags up, SCORES, no throw
|
Batting: RHB John Anderson
|
0-0: SINGLE (Groundball, 6MD)
|
Batting: LHB Chad Weaver
|
0-0: Ball 1-0: Called Strike 1-1: Ball 2-1: Fielders Choice at 2nd, 5-4 (Groundball, 56)
|
Bottom of the 4th over - 4 run(s), 5 hit(s), 0 error(s), 0 left on base; Houston 0 - Mexico City 6 |
TOP OF THE 5TH |
Houston Hammertime batting - Pitching for Mexico City Cerveceros : RHP David Green
|
Batting: LHB Pat Jones
|
0-0: SINGLE (Groundball, 6MD)
|
Batting: RHB Aaron Wilson
|
0-0: Ball 1-0: Ground out 5-3 (Groundball, 15S) Pat Jones to second
|
Batting: LHB Fernando Camacho
|
0-0: Foul Ball, location: 2F 0-1: Ground out 4-3 (Groundball, 4) Pat Jones to third
|
Batting: RHB Rafael Torres
|
0-0: Ball 1-0: Ball 2-0: Called Strike 2-1: SINGLE (Groundball, 6MD) Pat Jones scores
|
Batting: RHB Domingo Matos
|
0-0: Ball 1-0: Ball 2-0: Ball 3-0: Called Strike 3-1: Foul Ball, location: 2F 3-2: Base on Balls Rafael Torres to second
|
Batting: RHB Pedro Meza
|
0-0: Called Strike 0-1: Ground out 5-3 (Groundball, 56S)
|
Top of the 5th over - 1 run(s), 2 hit(s), 0 error(s), 2 left on base; Houston 1 - Mexico City 6 |
BOTTOM OF THE 5TH |
Mexico City Cerveceros batting - Pitching for Houston Hammertime : RHP Andrés Rivera
|
Batting: RHB Dennis Stephenson
|
0-0: Ball 1-0: Ball 2-0: Called Strike 2-1: Foul Ball, location: 2F 2-2: Fly out, F9 (Flyball, 89M)
|
Batting: LHB Luka Lagerweij
|
0-0: Ball 1-0: Ball 2-0: SINGLE (Line Drive, 56D)
|
Batting: LHB Brandon Cummings
|
0-0: Called Strike 0-1: Fielders Choice at 2nd, 4-6 (Groundball, 4)
|
Batting: RHB Rafael Rincón
|
0-0: Ball 1-0: Ball 2-0: Fly out, F5 (Popup, 56)
|
Bottom of the 5th over - 0 run(s), 1 hit(s), 0 error(s), 1 left on base; Houston 1 - Mexico City 6 |
TOP OF THE 6TH |
Houston Hammertime batting - Pitching for Mexico City Cerveceros : RHP David Green
|
Batting: SHB Cristo Ontiveros
|
0-0: Ball 1-0: Ball 2-0: Ball 3-0: Called Strike 3-1: Base on Balls
|
Batting: RHB Earl Wiggins
|
0-0: Called Strike 0-1: Foul Ball, location: 2F 0-2: SINGLE (Flyball, 8RS) Cristo Ontiveros to second
|
Batting: RHB Mario Beltrán
|
0-0: Ball 1-0: Swinging Strike 1-1: Ball 2-1: Ball 3-1: Base on Balls Cristo Ontiveros to third Earl Wiggins to second
|
Batting: LHB Pat Jones
|
0-0: Ball 1-0: Foul Ball, location: 2F 1-1: Foul Ball, location: 2F 1-2: Foul Ball, location: 2F 1-2: Ball 2-2: Ball 3-2: Foul Ball, location: 2F 3-2: SINGLE (Groundball, 56D) Cristo Ontiveros scores Earl Wiggins to third Mario Beltrán to second Runner from 3rd tries for Home, SAFE, throw made home
|
Batting: RHB Aaron Wilson
|
0-0: Called Strike 0-1: Grounds into double play, 3-6-3 (Groundball, 3) Mario Beltrán to third
|
Batting: LHB Fernando Camacho
|
0-0: Called Strike 0-1: SINGLE (Popup, 8LS) Mario Beltrán scores
|
Batting: RHB Rafael Torres
|
0-0: Called Strike 0-1: Foul Ball, location: 2F 0-2: Ball 1-2: Ball 2-2: Ball 3-2: Foul Ball, location: 2F 3-2: Strikes out swinging
|
Top of the 6th over - 3 run(s), 3 hit(s), 0 error(s), 1 left on base; Houston 4 - Mexico City 6 |
BOTTOM OF THE 6TH |
Mexico City Cerveceros batting - Pitching for Houston Hammertime : RHP Andrés Rivera
|
Pitching: RHP António Mata
|
|
Batting: RHB Ernesto Jiménez
|
0-0: Ground out 5-3 (Groundball, 5S)
|
Batting: RHB Naomi Kitamura
|
0-0: Ground out 3-1 (Groundball, 34S)
|
Batting: RHB Henning Huisman
|
0-0: Ball 1-0: Called Strike 1-1: Ground out 6-3 (Groundball, 6)
|
Bottom of the 6th over - 0 run(s), 0 hit(s), 0 error(s), 0 left on base; Houston 4 - Mexico City 6 |
TOP OF THE 7TH |
Houston Hammertime batting - Pitching for Mexico City Cerveceros : RHP David Green
|
Pitching: RHP David Escobido
|
|
Batting: RHB Domingo Matos
|
0-0: Swinging Strike 0-1: Foul Ball, location: 2F 0-2: Foul Ball, location: 2F 0-2: Ball 1-2: Foul Ball, location: 2F 1-2: Ball 2-2: Ball 3-2: Foul Ball, location: 2F 3-2: Strikes out looking
|
Batting: RHB Pedro Meza
|
0-0: Called Strike 0-1: Called Strike 0-2: Strikes out swinging
|
Batting: SHB Cristo Ontiveros
|
0-0: Called Strike 0-1: Ball 1-1: Ball 2-1: Foul Ball, location: 2F 2-2: SINGLE (Groundball, 4MD)
|
Batting: RHB Earl Wiggins
|
0-0: Ground out 6-3 (Groundball, 6)
|
Top of the 7th over - 0 run(s), 1 hit(s), 0 error(s), 1 left on base; Houston 4 - Mexico City 6 |
BOTTOM OF THE 7TH |
Mexico City Cerveceros batting - Pitching for Houston Hammertime : RHP António Mata
|
Batting: RHB John Anderson
|
0-0: Called Strike 0-1: Called Strike 0-2: Ball 1-2: Strikes out looking
|
Batting: LHB Chad Weaver
|
0-0: Called Strike 0-1: Called Strike 0-2: Strikes out swinging
|
Batting: RHB Dennis Stephenson
|
0-0: Called Strike 0-1: Ball 1-1: Foul Ball, location: 2F 1-2: Ball 2-2: Foul Ball, location: 2F 2-2: SINGLE (Groundball, 56D)
|
Batting: LHB Luka Lagerweij
|
0-0: Called Strike 0-1: Ball 1-1: Swinging Strike 1-2: Foul Ball, location: 2F 1-2: Ball 2-2: Foul Ball, location: 2F 2-2: Ball 3-2: Base on Balls Dennis Stephenson to second
|
Batting: LHB Brandon Cummings
|
0-0: Called Strike 0-1: Swinging Strike 0-2: Strikes out swinging
|
Bottom of the 7th over - 0 run(s), 1 hit(s), 0 error(s), 2 left on base; Houston 4 - Mexico City 6 |
TOP OF THE 8TH |
Houston Hammertime batting - Pitching for Mexico City Cerveceros : RHP David Escobido
|
Now at C: Jorge González
|
|
Batting: RHB Mario Beltrán
|
0-0: Called Strike 0-1: Called Strike 0-2: Strikes out swinging
|
Batting: LHB Pat Jones
|
0-0: Ball 1-0: Ball 2-0: Ball 3-0: Swinging Strike 3-1: Base on Balls
|
Pitching: RHP Jared Cameron
|
|
Batting: RHB Aaron Wilson
|
0-0: SINGLE (Groundball, 4M) Pat Jones to second
|
Batting: LHB Fernando Camacho
|
0-0: Ball 1-0: Foul Ball, location: 2F 1-1: Ball 2-1: SINGLE (Groundball, 4MD) Pat Jones to third Aaron Wilson to second Runner from 3rd tries for Home, throw and OUT!
|
Batting: RHB Rafael Torres
|
0-0: Called Strike 0-1: SINGLE (Line Drive, 56D) Aaron Wilson to third Fernando Camacho to second Runner from 3rd tries for Home, SAFE, no throw or cutoff
|
Pinch Hitting: LHB Juan Cabañas
|
0-0: Ball 1-0: Called Strike 1-1: Ground out 4-3 (Groundball, 34)
|
Top of the 8th over - 1 run(s), 3 hit(s), 0 error(s), 2 left on base; Houston 5 - Mexico City 6 |
BOTTOM OF THE 8TH |
Mexico City Cerveceros batting - Pitching for Houston Hammertime : RHP António Mata
|
Pitching: LHP Howard Bailey
|
|
Now at 2B: Santo Cruz
|
|
Batting: RHB Rafael Rincón
|
0-0: Called Strike 0-1: SOLO HOME RUN (Flyball, 7D), Distance : 363 ft
|
Batting: RHB Ernesto Jiménez
|
0-0: Called Strike 0-1: Ball 1-1: Ball 2-1: Foul Ball, location: 2F 2-2: Strikes out swinging
|
Batting: RHB Naomi Kitamura
|
0-0: Ball 1-0: Ball 2-0: Called Strike 2-1: Foul Ball, location: 2F 2-2: Strikes out swinging
|
Batting: RHB Henning Huisman
|
0-0: Ball 1-0: Called Strike 1-1: Ball 2-1: Ball 3-1: Called Strike 3-2: Foul Ball, location: 2F 3-2: Fly out, F7 (Flyball, 78D)
|
Bottom of the 8th over - 1 run(s), 1 hit(s), 0 error(s), 0 left on base; Houston 5 - Mexico City 7 |
TOP OF THE 9TH |
Houston Hammertime batting - Pitching for Mexico City Cerveceros : RHP Jared Cameron
|
Pitching: RHP Bill Bygrove
|
|
Now at 1B: Francisco Franco
|
|
Now in CF: Júlio Cedeño
|
|
Batting: RHB Pedro Meza
|
0-0: Ball 1-0: Ball 2-0: Fly out, F9 (Flyball, 89M)
|
Batting: SHB Cristo Ontiveros
|
0-0: Ball 1-0: Foul Ball, location: 2F 1-1: Ball 2-1: Ball 3-1: Base on Balls
|
Batting: RHB Earl Wiggins
|
0-0: Ball 1-0: Swinging Strike 1-1: Swinging Strike 1-2: Strikes out swinging
|
Batting: RHB Mario Beltrán
|
0-0: Ball 1-0: Called Strike 1-1: Called Strike 1-2: Ball 2-2: Ball 3-2: Foul Ball, location: 2F 3-2: Foul Ball, location: 2F 3-2: Strikes out looking
|
Top of the 9th over - 0 run(s), 0 hit(s), 0 error(s), 1 left on base; Houston 5 - Mexico City 7 |
|